 Dungeon Crawl Stone Soup version 0.13-a0-2477-geaae114 (webtiles) character file.

1040 Rycklaryybbe the Slicer (level 7, -6/79 HPs)
             Began as a Demonspawn Berserker on July 19, 2013.
             Was an Elder of Trog.
             Killed from afar by Rycklaryybbe's ghost (16 damage)
             ... with a blast of negative energy
             ... on Level 6 of the Dungeon.
             The game lasted 00:19:04 (4975 turns).

Rycklaryybbe the Slicer (Demonspawn Berserker)      Turns: 4975, Time: 00:19:04

HP  -6/79        AC 12     Str 24      XL: 7   Next: 53%
MP   6/6         EV  6     Int  8      God: Trog [****..]
Gold 267         SH 16     Dex 15      Spells:  0 memorised,  6 levels left

Res.Fire  : . . .   See Invis. : .   k - +3,+0 elf long sword (elec)
Res.Cold  : . . .   Warding    : .   y - +1 elf scale mail
Life Prot.: . . .   Conserve   : .   q - +0 shield
Res.Poison: .       Res.Corr.  : .   (no helmet)
Res.Elec. : .       Clarity    : .   B - +1 dwarf cloak
Sust.Abil.: . .     Spirit.Shd : .   c - +2 pair of elf gauntlets
Res.Mut.  : .       Stasis     : .   (no boots)
Res.Rott. : .       Flight     : .   (no amulet)
Saprovore : . . .                    (no ring)
                                     J - +3,+4 ring of slaying

@: berserking (expiring), heavily drained, very quick, slightly resistant to
hostile enchantments, extremely unstealthy
A: nightstalker 1, spiny 3, Dex +2
a: Burn Spellbooks, Berserk, Trog's Hand, Brothers in Arms, Renounce Religion


You were on level 6 of the Dungeon.
You worshipped Trog.
Trog was extremely pleased with you.
You were very hungry.

You visited 1 branch of the dungeon, and saw 6 of its levels.

You collected 247 gold pieces.

Inventory:

Hand weapons
 a - a +0,-2 short sword
 h - a +1,+2 dagger of speed
 i - a +0,+0 hand axe
 k - a +3,+0 elven long sword of electrocution (weapon)
Missiles
 g - a throwing net (quivered)
 x - 2 steel darts
 z - 6 curare-tipped needles
Armour
 c - a +2 pair of elven gauntlets (worn)
 q - a +0 shield (worn)
 v - a +0 robe
 y - a +1 elven scale mail (worn)
 B - a +1 dwarven cloak (worn)
Magical devices
 r - a wand of cold (7) {unknown}
 w - a wand of flame (6)
 G - a wand of lightning (6) {unknown}
Comestibles
 p - 2 meat rations
 A - a cheese
 C - 3 bread rations
 H - a lemon
Scrolls
 d - a scroll of remove curse
 e - 2 scrolls of curse weapon
 f - a scroll of noise {unknown}
 l - 4 scrolls of identify
 o - a scroll of recharging
 t - 2 scrolls of fear
 u - a scroll of magic mapping {unknown}
Jewellery
 J - a +3,+4 ring of slaying (left hand)
Potions
 b - a potion of curing
 m - a potion of invisibility
 n - 2 potions of might {unknown}


   Skills:
 - Level 3.0(0.8) Fighting
 + Level 8.2(5.6) Short Blades
 - Level 1.7(0.0) Armour
 - Level 1.7(0.0) Dodging


You had 6 spell levels left.
You didn't know any spells.

Dungeon Overview and Level Annotations

Branches:
Dungeon (6/27)             Temple (0/1) D:6
    Orc: D:6-11

Altars:
Cheibriados
Nemelex Xobeh
Okawaru

Shops:
D:5: %

Annotations
D:6 Rycklaryybbe's ghost, experienced DrMo


Innate Abilities, Weirdness & Mutations

You have a somewhat thin skeletal structure (Dex +2, Stlth).
You are slightly more attuned to the shadows.
You are completely covered in sharp spines.


Message History

Rycklaryybbe's ghost is lightly damaged.
Rycklaryybbe's ghost hits you.
* * * LOW HITPOINT WARNING * * *
You hit Rycklaryybbe's ghost but do no damage.
There is a sudden explosion of sparks!
Rycklaryybbe's ghost is heavily damaged.
Rycklaryybbe's ghost breathes negative energy at you.
The blast of negative energy hits you!
You feel drained.
* * * LOW HITPOINT WARNING * * *
You are too berserk!
You are too berserk!
Press: ? - help, v - describe, . - travel
Here: Rycklaryybbe's ghost (heavily damaged)
The floor.
Unknown command.
You block Rycklaryybbe's ghost's attack.
You feel a strong urge to attack something.
Rycklaryybbe's ghost breathes negative energy at you.
The blast of negative energy hits you!
You feel drained.
You die...

. ... #. .......#
#.# .......###.####
#.............#
#.............#
#.............# #
#.............####.#
#.............'@.p?#
#.............######
#.............#
##..########### #..#
#..# #..# #..# #..#


You could see Rycklaryybbe's ghost.

Vanquished Creatures
  A phantom (D:4)
  An ice beast (D:5)
  A gnoll sergeant (D:5)
  A hound (D:4)
  2 orc priests
  An iguana (D:4)
  3 worker ants
  An orc wizard (D:3)
  2 scorpions (D:5)
  A jelly (D:5)
  Ijyb (D:3)
  An ogre skeleton (D:5)
  Terence (D:2)
  2 adders
  8 gnolls
  A worm (D:2)
  4 giant geckos
  8 orcs
  A ball python (D:2)
  8 bats
  A giant cockroach (D:5)
  7 hobgoblins
  2 jackals (D:5)
  4 quokkas
  5 giant newts
  18 goblins
  A goblin skeleton (D:4)
  5 kobolds
  A kobold skeleton (D:4)
  10 rats
  A rat skeleton (D:3)
104 creatures vanquished.

Notes
Turn   | Place    | Note
--------------------------------------------------------------
     0 | D:1      | Rycklaryybbe, the Demonspawn Berserker, began the quest for the Orb.
     0 | D:1      | Reached XP level 1. HP: 18/18 MP: 0/0
   289 | D:1      | Gained mutation: You are partially covered in sharp spines. [demonic ancestry]
   289 | D:1      | Reached XP level 2. HP: 16/24 MP: 1/1
   875 | D:2      | Acquired Trog's second power
  1119 | D:2      | Reached XP level 3. HP: 26/30 MP: 2/2
  1290 | D:2      | Noticed Terence
  1364 | D:1      | Reached skill level 4 in Short Blades
  1557 | D:2      | Killed Terence
  1902 | D:3      | Gained mutation: You are mostly covered in sharp spines. [demonic ancestry]
  1902 | D:3      | Reached XP level 4. HP: 36/36 MP: 3/3
  2094 | D:3      | Reached skill level 5 in Short Blades
  2120 | D:3      | Gained mutation: You are slightly more attuned to the shadows. [demonic ancestry]
  2120 | D:3      | Reached XP level 5. HP: 15/41 MP: 4/4
  2409 | D:3      | Found an iron altar of Okawaru.
  2676 | D:3      | Noticed Ijyb
  2687 | D:3      | Killed Ijyb
  3042 | D:4      | Noticed a phantom
  3053 | D:4      | Killed a phantom
  3053 | D:4      | Reached skill level 6 in Short Blades
  3053 | D:4      | Gained mutation: You have a somewhat thin skeletal structure (Dex +2, Stlth). [demonic ancestry]
  3053 | D:4      | Reached XP level 6. HP: 44/48 MP: 5/5
  3411 | D:4      | Found a sparkling altar of Nemelex Xobeh.
  3411 | D:4      | Found a snail-covered altar of Cheibriados.
  3852 | D:5      | Entered Level 5 of the Dungeon
  3905 | D:5      | Reached skill level 7 in Short Blades
  4001 | D:5      | Acquired Trog's third power
  4142 | D:5      | Gained mutation: You are completely covered in sharp spines. [demonic ancestry]
  4142 | D:5      | Reached XP level 7. HP: 35/53 MP: 6/6
  4370 | D:5      | Found Bliggatz's Food Shoppe.
  4512 | D:5      | Reached skill level 8 in Short Blades
  4799 | D:6      | Found a staircase to the Ecumenical Temple.
  4964 | D:6      | Noticed Rycklaryybbe's ghost (experienced DrMo)
  4975 | D:6      | Killed from afar by Rycklaryybbe's ghost

Action                   |  1- 3 |  4- 6 |  7- 9 || total
-------------------------+-------+-------+-------++-------
Melee: Dagger            |   164 |   199 |     5 ||   368
       Short sword       |     2 |       |     9 ||    11
       Long sword        |       |    31 |    35 ||    66
Throw: Throwing net      |       |       |     1 ||     1
Invok: Berserk           |     3 |     1 |     2 ||     6
       Trog's Hand       |       |     2 |       ||     2
       Burn Spellbooks   |       |     1 |       ||     1
  Use: Scroll            |       |    12 |     1 ||    13
       Potion            |       |     8 |     2 ||    10
 Stab: Sleeping          |     1 |     1 |       ||     2
       Invisible         |       |     2 |       ||     2
